 Dungeon Crawl Stone Soup version 0.30.0-19-g36f170ea60 (webtiles) character file.

Game seed: 6651662843872765412

100 CaptainMV the Chiller (level 4, -1/34 HPs)
             Began as a Draconian Wanderer on June 1, 2023.
             Slain by a gnoll
             ... wielding a +0 halberd
             ... led by a gnoll bouda
              (5 damage)
             ... on level 4 of the Dungeon.
             The game lasted 00:14:55 (1843 turns).

CaptainMV the Chiller (Draconian Wanderer)          Turns: 1843, Time: 00:14:56

Health: -1/34      AC:  6    Str: 12    XL:     4   Next: 46%
Magic:  6/6        EV: 11    Int: 13    God:
Gold:   150        SH:  0    Dex: 14    Spells: 2/6 levels left

rFire   . . .        a - +3 short sword (elec)
rCold   . . .        p - orb {*channel}
rNeg    . . .        (body armour unavailable)
rPois   .            (helmet restricted)
rElec   .            (no cloak)
rCorr   .            m - +0 pair of gloves
SInv    .            (no boots)
Will    .....        (no amulet)
Stlth   ++           (no ring)
HPRegen 0.25/turn    (no ring)
MPRegen 0.10/turn

%: channel magic (20%)
@: no status effects
A: AC +5, unfitting armour, cold-blooded
a: no special abilities


You were on level 4 of the Dungeon.
You visited 1 branch of the dungeon, and saw 4 of its levels.

You collected 150 gold pieces.

Inventory:

Hand Weapons
 a - a +3 short sword of electrocution (weapon)
 b - a +1 heavy long sword
 n - a +3 dagger
Missiles
 j - 4 poisoned darts (quivered)
Armour
 c - a +0 buckler
 m - a +0 pair of gloves (worn)
 p - an orb of energy (worn)
Jewellery
 e - an amulet of faith
Wands
 l - a wand of iceblast (18)
Scrolls
 d - 6 scrolls of fog
 g - 3 scrolls of magic mapping
 k - a scroll of fear
 q - a scroll of brand weapon
 r - 2 scrolls of identify
Potions
 f - a potion of cancellation
 h - 2 potions of flight
 i - a potion of ambrosia {unknown}
 o - a potion of curing {unknown}


   Skills:
 + Level 0.5 Fighting
 + Level 1.2 Short Blades
 + Level 1.0 Throwing
 + Level 0.4 Dodging
 + Level 2.5 Stealth
 + Level 2.6 Shields
 + Level 1.7 Spellcasting
 + Level 2.8 Ice Magic
 + Level 2.0 Evocations


You had 2 spell levels left.
You knew the following spells:

 Your Spells              Type           Power      Damage    Failure   Level
a - Freeze                Ice            32%        1d5       22%         1
b - Frozen Ramparts       Ice            16%        1d3       45%         3

Your spell library contained the following spells:

 Spells                   Type           Power      Damage    Failure   Level
 Summon Small Mammal      Summ           4%         N/A       47%         1
 Ozocubu's Armour         Ice            8%         N/A       45%         3
 Hailstorm                Conj/Ice       4%         3d4       63%         3
 Call Canine Familiar     Summ           1%         N/A       80%         3
 Summon Guardian Golem    Hex/Summ       1%         N/A       80%         3


Dungeon Overview and Level Annotations

Branches:
Dungeon (4/15)
 Temple: D:4-7

Altars:

Shops:
D:2 (   D:3 :


Innate Abilities, Weirdness & Mutations

Your plain brown scales are hard. (AC +5)
You cannot fit into any form of body armour.
You are cold-blooded and may be slowed by cold attacks.


Message History

The quokka bites you.
The quokka bites you but does no damage.
Unknown command.
Casting: Freeze (safe; 22% risk of failure)
Confirm with . or Enter, or press ? or * to list all spells.
Aiming: Freeze (safe; 22% risk of failure)
Press: ? - help, Shift-Dir - straight line, f/p - quokka
Aim: a quokka You miscast Freeze.
Nothing appears to happen.
Magical energy flows into your mind! The quokka barely misses you.
Casting: Freeze (safe; 22% risk of failure)
Confirm with . or Enter, or press ? or * to list all spells.
Aiming: Freeze (safe; 22% risk of failure)
Press: ? - help, Shift-Dir - straight line, f/p - quokka
Aim: a quokka You freeze the quokka.
You kill the quokka!
You now have 150 gold pieces (gained 10).
A gnoll comes into view. It is wielding a +0 halberd.
A gnoll comes into view. It is wielding a +0 whip.
A sleepcap comes into view.
A gnoll bouda, a gnoll and an adder come into view.
Found 10 gold pieces.
A gnoll comes into view. It is wielding a +0 spear.
The gnoll bouda shouts!
The gnoll shouts! x3; You hear a shout!
The gnoll hits you with a +0 halberd! The gnoll attacks as you move away!
The gnoll hits you but does no damage.
The gnoll hits you from afar with a +0 halberd.
Your magical contamination has completely faded away.
The gnoll bouda barks out a call to the hunt!
The gnolls pick up the pace!
The sleepcap releases spores at you!
You are engulfed in a cloud of soporific spores!
You fall asleep.
The gnoll hits you from afar with a +0 halberd!
You wake up.
* * * LOW HITPOINT WARNING * * *
The sleepcap attacks as you move away! The sleepcap barely misses you.
The gnoll hits you from afar with a +0 halberd.
You die...

........................
#.................... ..
##..................#
......#.†..#............###
.............#...........##
........##...#...#.......#
....... ####.#..###.....##
.......##.##.#.........##
.S.....ggggf@...##....##
......#...g########...#
...........# #...#
..........## #..##
.$..#....## ##.# # ##.###
### ##


You could see a sleepcap, a gnoll bouda and 4 gnolls.

Vanquished Creatures
  A gnoll (D:2)
  An adder (D:2)
  2 worms
  3 dart slugs (D:2)
  7 ball pythons
  6 endoplasms
  4 giant cockroaches
  5 goblins
  7 hobgoblins
  A jackal (D:2)
  7 kobolds
  5 quokkas
  5 bats
  4 frilled lizards
  5 rats
63 creatures vanquished.

Notes
Turn   | Place    | Note
-------+----------+-------------------------------------------
     0 | D:1      | CaptainMV the Draconian Wanderer began the quest for the
                  | Orb.
     0 | D:1      | CaptainMV set off with the following items: a +2 dagger, a
                  | scroll of fear, a +0 buckler, a scroll of fog; and the
                  | following spell memorised: Freeze; and the following spells
                  | available to memorise: Ozocubu's Armour.
     0 | D:1      | Reached XP level 1. HP: 14/14 MP: 2/2
   139 | D:1      | Reached XP level 2. HP: 20/20 MP: 0/3
   481 | D:2      | Found Foinlifo's Weapon Shoppe.
   524 | D:2      | Reached XP level 3. HP: 21/26 MP: 4/4
   733 | D:2      | Reached skill level 1 in Short Blades
   755 | D:2      | Learned a level 3 spell: Frozen Ramparts
   805 | D:2      | Reached XP level 4. HP: 34/34 MP: 0/6
  1460 | D:3      | Noticed a walking crystal tome
  1467 | D:3      | Found Gumooc's Book Shop.
  1469 | D:3      | Noticed a walking divine tome
  1843 | D:4      | Slain by a gnoll

Illustrated notes

Levels and vault maps discovered:
D:1:      dpeg_arrival_ternary, layout_basic, hangedman_decor_push
D:2:      layout_rooms, serial_bayou, serial_bayou_pond_e, serial_bayou_pond_e,
          serial_bayou_pond_b, serial_bayou_ford_a, serial_shops, shop,
          chequers_jeans
D:3:      layout_basic, serial_shops, nicolae_shop_mannequins,
          kennysheep_generic_room_16
D:4:      layout_cave_pools, uniq_crazy_yiuf_cottage

Skill      XL: |  1  2  3 |
---------------+----------+-----
Stealth        | 2 |  2.5
Short Blades   | 1 |  1.2
Fighting       | |  0.5
Throwing       | |  1.0
Dodging        | |  0.4
Shields        | |  2.6
Spellcasting   | |  1.7
Ice Magic      | |  2.8
Evocations     | |  2.0

Action                     |  1- 3 |  4- 6 || total
---------------------------+-------+-------++-------
  Melee: Dagger            |    31 |       ||    31
         Tailslap          |     9 |     2 ||    11
         Short sword       |    50 |    26 ||    76
   Cast: Freeze            |    26 |     9 ||    35
    Use: Scroll            |     5 |     3 ||     8
   Stab: Sleeping          |     5 |     3 ||     8
 Armour: Skin              |    37 |    12 ||    49
  Dodge: Dodged            |    55 |    14 ||    69
  Block: Buckler           |    25 |     1 ||    26
